 Dungeon Crawl Stone Soup version 0.30.1-11-g7821555f0a (webtiles) character file.

Game seed: 9329403159869161463

4149 pkoi the Destroyer (level 10, -3/69 HPs)
             Began as a Grey Draconian Conjurer on Oct 27, 2023.
             Was a Believer of Sif Muna.
             Slain by Erolcha
             ... wielding a +0 giant spiked club
              (26 damage)
             ... on level 9 of the Dungeon.
             The game lasted 00:17:03 (9909 turns).

pkoi the Destroyer (Grey Draconian Conjurer)        Turns: 9909, Time: 00:17:03

Health: -3/69      AC: 12    Str:  9    XL:     10   Next: 7%
Magic:  14/19      EV: 12    Int: 24    God:    Sif Muna [**....]
Gold:   369        SH:  0    Dex:  9    Spells: 7/21 levels left

rFire   . . .        w - +2 quarterstaff (spect)
rCold   . . .        (shield currently unavailable)
rNeg    . . .        (body armour unavailable)
rPois   .            (helmet restricted)
rElec   .            (no cloak)
rCorr   .            (no gloves)
SInv    .            (no boots)
Will    .....        i - amulet of magic regeneration
Stlth   ++           (no ring)
HPRegen 0.31/turn    (no ring)
MPRegen 0.56/turn

%: no passive effects
@: no status effects
A: AC +12, amphibious, unfitting armour, cold-blooded
a: Renounce Religion, Channel Magic


You were on level 9 of the Dungeon.
You worshipped Sif Muna.
Sif Muna was pleased with you.
You visited 2 branches of the dungeon, and saw 10 of its levels.

You collected 489 gold pieces.
You spent 120 gold pieces at shops.

Inventory:

Hand Weapons
 w - a +2 spectral quarterstaff (weapon)
 x - a +2 dagger of venom
Missiles
 t - 2 throwing nets
 y - a curare-tipped dart
Jewellery
 i - an amulet of magic regeneration (around neck)
 m - an amulet of reflection
Wands
 k - a wand of acid (9)
 l - a wand of mindburst (8)
 o - a wand of flame (8)
Scrolls
 d - 4 scrolls of identify
 e - 2 scrolls of amnesia
 g - 4 scrolls of teleportation
 p - 3 scrolls of blinking
 s - 2 scrolls of vulnerability {unknown}
 u - a scroll of acquirement {unknown}
Potions
 a - 2 potions of magic
 c - a potion of haste
 h - 2 potions of heal wounds
 j - a potion of flight
 q - 2 potions of cancellation
 r - a potion of might


   Skills:
 + Level 2.6 Staves
 - Level 1.7 Dodging
 - Level 1.7 Stealth
 - Level 6.0 Spellcasting
 + Level 9.2 Conjurations
 + Level 5.6 Hexes
 + Level 7.1 Translocations
 + Level 2.9 Earth Magic


You had 7 spell levels left.
You knew the following spells:

 Your Spells              Type           Power      Damage    Failure   Level
a - Magic Dart            Conj           100%       1d8       1%          1
b - Searing Ray           Conj           100%       2d8       1%          2
c - Iskenderun's Mystic   Conj/Tloc      46%        2d10      2%          4
d - Fulminant Prism       Conj/Hex       21%        3d12      3%          4
e - Stone Arrow           Conj/Erth      72%        3d11      1%          3

Your spell library contained the following spells:

 Spells                   Type           Power      Damage    Failure   Level
 Foxfire                  Conj/Fire      100%       2x1d9     1%          1
 Lesser Beckoning         Tloc           82%        N/A       1%          2
 Dazzling Flash           Conj/Hex       84%        N/A       1%          3
 Gell's Gravitas          Tloc           41%        N/A       1%          3
 Teleport Other           Tloc           41%        N/A       1%          3
 Summon Guardian Golem    Hex/Summ       20%        N/A       8%          3
 Sublimation of Blood     Necr           7%         N/A       12%         2
 Fireball                 Conj/Fire      14%        3d8       32%         5
 Irradiate                Conj/Tmut      14%        3d16      32%         5
 Petrify                  Tmut/Erth      14%        N/A       41%         4
 Orb of Destruction       Conj           25%        9d9       83%         7
 Starburst                Conj/Fire      14%        6d6       88%         6
 Plasma Beam              Fire/Air       3%         2x1d15    100%        6
 Spellforged Servitor     Conj/Summ      14%        N/A       100%        7
 Lehudib's Crystal Spear  Conj/Erth      18%        10d5      100%        8
 Animate Armour           Summ/Erth      Unusable   N/A       N/A         4

Dungeon Overview and Level Annotations

Branches:
Dungeon (9/15)             Temple (1/1) D:6
   Lair: D:8-11         Orc: D:9-12

Altars:
Ashenzari
Cheibriados
Dithmenos
Elyvilon
Fedhas
Gozag
Hepliaklqana
Kikubaaqudgha
Makhleb
Nemelex Xobeh
Okawaru
Qazlal
Ru
Sif Muna
Trog
Uskayaw
Wu Jian
Xom
Yredelemnul
Zin
The Shining One

Shops:
D:1 *   D:3 *   D:4 [

Annotations:
D:4 Sigmund
D:9 Erolcha


Innate Abilities, Weirdness & Mutations

Your dull iron-grey scales are very hard. (AC +12)
You are amphibious.
You cannot fit into any form of body armour.
You are cold-blooded and may be slowed by cold attacks.


Message History

You conjure a prism of explosive energy!
A fulminant prism comes into view.
Casting: Fulminant Prism (dangerous; 3% risk of failure)
Confirm with . or Enter, or press ? or * to list all spells.
Aiming: Searing Ray (safe; 1% risk of failure)
Press: ? - help, Shift-Dir - straight line, f - gnoll
Aim: a gnoll, wielding a +3 spear (ally target, 85% to hit)
The searing ray hits something!
The searing ray misses the gnoll. x2 (Press . to maintain the ray.)
Something hits you!!
Deactivating autopickup; reactivate with Ctrl-A.
The gnoll hits you from afar with a +3 spear.
Your fulminant prism crackles loudly.
You hear an angry buzzing noise.
Unknown command.
The searing ray hits something!
The searing ray hits the gnoll!
The gnoll is almost dead.
The searing ray hits the gnoll.
The gnoll is heavily wounded.
Something hits you! The gnoll hits you but does no damage.
Your fulminant prism explodes!
The blast of energy engulfs the orc priest!!
You kill the orc priest!
Sif Muna accepts your kill.
The blast of energy engulfs the gnoll!!
You kill the gnoll!
Sif Muna accepts your kill.
The blast of energy engulfs the gnoll!
You kill the gnoll!
Sif Muna accepts your kill.
The blast of energy engulfs the yak!!
The yak is severely wounded.
The blast of energy engulfs something!!
You hear an angry buzzing noise.
You hear a bellow! x2; You hear a shout!
Unknown command.
Unknown command.
A killer bee comes into view.
Something barely misses you. Something hits you!!
You die...

. #..#. ##.. ..#..#. #_..
....... #.. ....... #8.
#..))### ## .... #).))y.#
##### .... ..Y..###.###
#.... .... ..# #...#
#.... ....
#.....##@############....
.... #####.
#................. ....
#. #.#.##########....
....
.....#))##...........
.....##.##...........
.......##.##(..........
.......##..........#.##
.......####........#.#
....... ##.......#.#


You could see a killer bee.

Vanquished Creatures
  Joseph (D:8)
  5 yaks (D:9)
  2 steam dragons
  2 ice beasts (D:7)
  A black bear (D:6)
  2 sky beasts
  An ogre (D:6)
  A centaur (D:5)
  3 scorpions
  3 bullfrogs
  A kobold brigand (D:9)
  3 gnoll sergeants
  5 wights (D:7)
  5 killer bees (D:7)
  3 howler monkeys
  5 hounds
  3 orc priests
  2 jellies
  5 iguanas
  2 gnoll boudas
  A sleepcap (D:4)
  7 orc wizards
  5 adders
  15 gnolls
  A white imp (D:8)
  3 worms
  5 dart slugs
  26 orcs
  6 bats
  11 endoplasms
  5 giant cockroaches
  4 hobgoblins
  6 jackals
  9 kobolds
  6 quokkas
  5 ball pythons
  3 frilled lizards
  7 goblins
  4 rats
  A spectral orc (D:8)
185 creatures vanquished.

Vanquished Creatures (others)
  A kobold brigand (D:9)
  2 orcs (D:7)
  13 fulminant prisms
16 creatures vanquished.

Grand Total: 201 creatures vanquished

Notes
Turn   | Place    | Note
-------+----------+-------------------------------------------
     0 | D:1      | pkoi the Draconian Conjurer began the quest for the Orb.
     0 | D:1      | Reached XP level 1. HP: 14/14 MP: 3/3
    34 | D:1      | Reached XP level 2. HP: 20/20 MP: 0/5
   407 | D:1      | Found Welatub's Assorted Antiques.
   522 | D:1      | Reached skill level 5 in Conjurations
   568 | D:1      | Reached XP level 3. HP: 26/26 MP: 4/6
  1174 | D:2      | Learned a level 2 spell: Searing Ray
  1269 | D:2      | Reached XP level 4. HP: 33/33 MP: 2/7
  1320 | D:2      | Learned a level 4 spell: Iskenderun's Mystic Blast
  2065 | D:3      | Found a faded altar of an unknown god.
  2284 | D:3      | Reached skill level 1 in Translocations
  2455 | D:3      | Reached skill level 6 in Conjurations
  2636 | D:3      | Reached XP level 5. HP: 33/38 MP: 1/8
  2745 | D:1      | Bought a glowing dagger for 120 gold pieces
  3090 | D:3      | Found Ruafou's Assorted Antiques.
  3523 | D:4      | Reached XP level 6. HP: 28/45 MP: 1/9
  3930 | D:4      | Noticed Sigmund
  3988 | D:4      | Found Saorap's Armour Emporium.
  4058 | D:4      | Learned a level 4 spell: Fulminant Prism
  4155 | D:4      | Found a shimmering blue altar of Sif Muna.
  4219 | D:4      | Became a worshipper of Sif Muna the Loreminder
  4401 | D:4      | Found a blossoming altar of Fedhas.
  4821 | D:5      | Entered Level 5 of the Dungeon
  5065 | D:5      | Reached skill level 1 in Hexes
  5072 | D:5      | Your scales start taking on a dull iron-grey colour.
  5072 | D:5      | Reached XP level 7. HP: 36/50 MP: 8/11
  5425 | D:5      | Reached skill level 7 in Conjurations
  5787 | D:6      | Found a staircase to the Ecumenical Temple.
  5797 | Temple   | Entered the Ecumenical Temple
  5877 | D:6      | Reached * piety under Sif Muna
  5886 | D:6      | Reached XP level 8. HP: 52/57 MP: 8/14
  5998 | D:6      | Identified the +2 pair of boots of Xilywin {Harm *Slow
                  | Will++ Regen+}
  6674 | D:7      | Reached skill level 5 in Translocations
  6982 | D:7      | Reached skill level 5 in Spellcasting
  6982 | D:7      | Reached skill level 8 in Conjurations
  7189 | D:7      | Reached XP level 9. HP: 61/62 MP: 12/16
  7648 | D:8      | Identified the +1 hand axe of Caag Zae {drain, rElec rCorr
                  | Stlth-}
  7700 | D:8      | Noticed Joseph
  7724 | D:8      | Killed Joseph
  8195 | D:8      | Reached skill level 5 in Hexes
  8214 | D:8      | Learned a level 3 spell: Stone Arrow
  8574 | D:8      | Found a basalt altar of Yredelemnul.
  8719 | D:9      | Reached ** piety under Sif Muna
  8721 | D:9      | Reached skill level 1 in Staves
  8721 | D:9      | Noticed Erolcha
  9021 | D:9      | Found a snail-covered altar of Cheibriados.
  9034 | D:9      | Found a burning altar of Makhleb.
  9041 | D:9      | Reached skill level 1 in Earth Magic
  9100 | D:9      | Reached skill level 9 in Conjurations
  9662 | D:9      | Found a shadowy altar of Dithmenos.
  9693 | D:9      | Reached XP level 10. HP: 40/69 MP: 12/19
  9909 | D:9      | Slain by Erolcha

Illustrated notes

Levels and vault maps discovered:
D:1:      amcnicky_arrival_choice, layout_rooms, serial_shops,
          nicolae_shop_crystal
D:2:      layout_basic, minmay_tetromino_t2
D:3:      layout_loops_ring, serial_shops, shop,
          hellmonk_ecumenical_altar_blasted, kennysheep_generic_room_14
D:4:      layout_basic, fedhas_altar_4, tgw_sif, serial_shops,
          nicolae_shop_tiny_statue_garden, serial_bayou_lake_a, uniq_sigmund
D:5:      layout_rooms, amcnicky_mini_pool_small
D:6:      layout_loops_ring, minmay_temple_entry_statues_pillars
D:7:      layout_loops_ring
D:8:      layout_basic, yredelemnul_forgotten_temple_becter, minmay_circle_x,
          uniq_joseph
D:9:      layout_basic, nicolae_overflow_hidden_temple, hiddenorc1_lemuel,
          uniq_erolcha
Temple:   eino_wide_crystal_templ

Skill      XL: |  1  2  3  4  5  6  7  8  9 |
---------------+----------------------------+-----
Conjurations   | 5 6 7 8 9 |  9.2
Translocations | 1 2 3 4 5 7 |  7.1
Spellcasting   | 3 4 5 6 |  6.0
Hexes          | 1 2 4 5 |  5.6
Staves         | 2 |  2.6
Earth Magic    | 2 |  2.9
Dodging        | |  1.7
Stealth        | |  1.7

Action                     |  1- 3 |  4- 6 |  7- 9 | 10-12 || total
---------------------------+-------+-------+-------+-------++-------
  Melee: Unarmed           |     4 |       |       |       ||     4
         Tailslap          |     2 |     2 |     2 |       ||     6
         Spear             |     3 |    12 |       |       ||    15
         Dagger            |       |    24 |    13 |       ||    37
         Quarterstaff      |       |       |     5 |     4 ||     9
   Cast: Magic Dart        |    68 |   113 |    90 |    10 ||   281
         Searing Ray       |       |    11 |    42 |     1 ||    54
         Iskenderun's Myst |       |       |    12 |       ||    12
         Fulminant Prism   |       |       |    10 |     3 ||    13
    Use: Scroll            |       |     7 |     4 |       ||    11
         Potion            |       |     1 |       |       ||     1
 Armour: Skin              |     1 |    16 |    35 |     2 ||    54
  Dodge: Dodged            |     4 |    40 |    63 |     2 ||   109
